 Dungeon Crawl Stone Soup version 0.30-a0-1103-g25895a7845 (webtiles) character file.

Game seed: 17334210405901115282

91539 kae the Alchemist (level 15, -6/154 (157) HPs)
             Began as a Purple Draconian Transmuter on Apr 18, 2023.
             Was an Elder of Ru.
             Mangled by an ogre
             ... wielding a +0 giant spiked club
              (13 damage)
             ... on level 15 of the Dungeon.
             The game lasted 00:29:13 (29816 turns).

kae the Alchemist (Purple Draconian Transmuter)    Turns: 29816, Time: 00:29:14

HP:   -6/154 (157)  AC: 30    Str: 20    XL:     15   Next: 55%
MP:   0/31          EV: 14    Int: 19    God:    Ru [****..]
Gold: 2779          SH:  0    Dex: 10    Spells: 15/38 levels left

rFire   . . .      SeeInvis .      - Unarmed
rCold   + . .      Faith    .    (no shield)
rNeg    + . .      Spirit   +    (body armour unavailable)
rPois   ∞          Reflect  .    (helmet restricted)
rElec   +          Rampage  .    O - +2 cloak
rCorr   .                        (gloves currently unavailable)
Will    +++..                    P - melded +2 pair of boots Stlth
                                 V - amulet "Hedellu" {Spirit rC+}
HPRegen 0.45/turn                Q - ring of willpower
MPRegen 0.22/turn                S - +6 ring of strength

@: statue-form, studying Air Magic, lightly drained, unable to drink, very slow
A: slow and powerful, torment resistance 1, boosted hp, (breathe power), AC +9,
unfitting armour, cold-blooded, inability to drink after injury 2, no stealth,
inability to use devices, clumsy 1, mutation resistance 1
a: End Transformation, Renounce Religion, Draw Out Power, Power Leap


You were on level 15 of the Dungeon.
You worshipped Ru.
Ru was greatly pleased with you.
You were a living statue of rough stone.
You visited 4 branches of the dungeon, and saw 23 of its levels.
You also visited: Gauntlet.

You collected 2919 gold pieces.
You spent 140 gold pieces at shops.


Innate Abilities, Weirdness & Mutations

You are a living statue of rough stone.
Your actions are slow, but your melee attacks are powerful.
You are resistant to unholy torment.
Your maximum health is greatly increased.
You are immune to poison.
Your equipment is partially melded.
((You can breathe bolts of dispelling energy.))
((Your rich purple scales are hard. (AC +9)))
You cannot fit into any form of body armour.
You are cold-blooded and may be slowed by cold attacks.
You sometimes lose the ability to drink potions when taking damage.
You cannot be stealthy.
You cannot study or use magical devices.
You are clumsy. (Dex -2)
You are somewhat resistant to further mutation.


   Skills:
 + Level 8.2 Fighting
 + Level 7.0 Dodging
 + Level 11.2 Unarmed Combat
 + Level 12.3 Spellcasting
 * Level 15.3 Transmutations
 - Level 5.0 Ice Magic
 * Level 9.6 Air Magic
 - Level 12.0 Earth Magic
 - Level 2.5 Poison Magic


You had 15 spell levels left.
You knew the following spells:

 Your Spells              Type           Power      Damage    Failure   Level
a - Statue Form           Tmut/Erth      39%        N/A       3%          6
b - Wereblood             Tmut           63%        N/A       0%          2
c - Spider Form           Tmut/Pois      45%        N/A       1%          3
d - Ice Form              Ice/Tmut       50%        N/A       1%          4
e - Beastly Appendage     Tmut           100%       N/A       0%          1
f - Storm Form            Tmut/Air       28%        N/A       30%         7

Your spell library contained the following spells:

 Spells                   Type           Power      Damage    Failure   Level
 Cigotuvi's Dreadful Rot  Necr/Pois/Air  54%        N/A       1%          2
 Ignite Poison            Fire/Tmut/Pois 34%        N/A       1%          3
 Petrify                  Tmut/Erth      59%        N/A       1%          4
 Frozen Ramparts          Ice            60%        1d10      2%          3
 Yara's Violent Unravell  Hex/Tmut       20%        3d9       7%          5
 Blink                    Tloc           22%        N/A       9%          2
 Lesser Beckoning         Tloc           22%        N/A       9%          2
 Momentum Strike          Conj/Tloc      22%        3d8       9%          2
 Sublimation of Blood     Necr           11%        N/A       9%          2
 Summon Lightning Spire   Summ/Air       29%        N/A       9%          4
 Inner Flame              Hex/Fire       11%        N/A       19%         3
 Summon Ice Beast         Ice/Summ       21%        N/A       22%         4
 Freezing Cloud           Conj/Ice/Air   15%        6-21      22%         5
 Silence                  Hex/Air        14%        N/A       22%         5
 Manifold Assault         Tloc           11%        N/A       52%         4
 Passage of Golubria      Tloc           11%        N/A       52%         4
 Metabolic Englaciation   Hex/Ice        10%        N/A       52%         5
 Summon Forest            Summ/Tloc      5%         N/A       86%         5
 Summon Mana Viper        Hex/Summ       11%        N/A       86%         5
 Simulacrum               Ice/Necr       10%        N/A       97%         6
 Dispersal                Tloc           5%         N/A       100%        6
 Summon Cactus Giant      Summ           5%         N/A       100%        6
 Enfeeble                 Hex            5%         N/A       100%        7
 Ozocubu's Refrigeration  Ice            15%        4d10      100%        7
 Summon Hydra             Summ           5%         N/A       100%        7
 Disjunction              Tloc           5%         N/A       100%        8
 Lehudib's Crystal Spear  Conj/Erth      17%        10d5      100%        8
 Maxwell's Capacitive Co  Air            24%        ∞         100%        8
 Polar Vortex             Ice            15%        N/A       100%        9

Inventory:

Missiles
 b - 31 poisoned darts
 c - 67 stones
 f - 2 curare-tipped darts {=f}
 m - 11 boomerangs
Armour
 O - a +2 cloak (worn)
   (You found it on level 14 of the Dungeon)
 P - a +2 pair of boots (melded)
   (You found it on level 14 of the Dungeon)
Magical Staves
 v - a staff of cold {!a}
   (You found it on level 11 of the Dungeon)
 y - a staff of conjuration {!a}
   (You found it on level 1 of the Orcish Mines)
 D - a staff of poison {!a}
   (You found it on level 1 of the Orcish Mines)
Jewellery
 g - an amulet of regeneration
   (You found it in a Gauntlet)
 l - an amulet of reflection
   (You took it off a gnoll on level 2 of the Dungeon)
 n - a ring of positive energy
   (You found it on level 1 of the Orcish Mines)
 C - a ring of protection from cold
   (You found it on level 1 of the Dungeon)
 E - a +5 ring of evasion
   (You took it off a minotaur in a Gauntlet)
 F - the ring "Qeyta" {AC+4 Int+6 Dex-4}
   (You found it on level 1 of the Orcish Mines)

   [ring of protection]

   AC:        It affects your AC (+4).
   Int:       It affects your intelligence (+6).
   Dex:       It affects your dexterity (-4).
 G - an amulet of guardian spirit
   (You found it on level 3 of the Lair of Beasts)
 N - a ring of positive energy
   (You found it on level 11 of the Dungeon)
 Q - a ring of willpower (left fist)
   (You found it on level 3 of the Lair of Beasts)
 S - a +6 ring of strength (right fist)
   (You found it on level 2 of the Dungeon)
 V - the amulet "Hedellu" (around neck) {Spirit rC+}
   (You found it in a Gauntlet)

   [amulet of guardian spirit]

   It causes incoming damage to be divided between your reserves of health and
   magic.
   rC:        It protects you from cold.
 Z - a ring of wizardry
   (You found it on level 2 of the Dungeon)
Wands
 M - a wand of flame (10)
   (You found it on level 13 of the Dungeon)
 R - a wand of roots (6)
   (You found it on level 14 of the Dungeon)
Scrolls
 a - 2 scrolls of enchant weapon
 i - 4 scrolls of vulnerability {!r!r}
 j - a scroll of silence {!r}
 o - 5 scrolls of teleportation {@r4}
 q - 6 scrolls of identify {@r1}
 r - 2 scrolls of poison {!r}
 s - a scroll of magic mapping {!r}
 w - 3 scrolls of fog
 B - 2 scrolls of fear
 L - 2 scrolls of enchant armour
 T - a scroll of torment {!r}
Potions
 d - 4 potions of haste {@q3}
 e - 3 potions of berserk rage {!q}
 h - 12 potions of heal wounds {@q2}
 k - 6 potions of magic
 t - 2 potions of mutation {!q}
 u - 3 potions of brilliance
 x - a potion of flight
 z - 8 potions of curing {@q1}
 A - 5 potions of lignification {!q}
 H - 4 potions of cancellation
 K - 2 potions of invisibility
 U - 2 potions of ambrosia
Miscellaneous
 p - a lightning rod (4/4)
   (You found it on level 12 of the Dungeon)
 I - a box of beasts
   (You found it on level 1 of the Orcish Mines)
 J - a phial of floods
   (You found it on level 1 of the Orcish Mines)

Dungeon Overview and Level Annotations

Branches:
Dungeon (15/15) Zot: 26629  Temple (1/1) D:5 Zot: 5973    Lair (5/5) D:9 Zot: 21380
 Shoals (0/4) Lair:3       Spider (0/4) Lair:3        Slime (0/5) Lair:5
    Orc (2/2) D:12 Zot: 7543     Elf (0/3) Orc:2        Vaults (0/5) D:13
Gauntlet (visited)
 Depths: D:15

Altars:
Ashenzari
Cheibriados
Dithmenos
Elyvilon
Fedhas
Gozag
Hepliaklqana
Kikubaaqudgha
Makhleb
Nemelex Xobeh
Okawaru
Qazlal
Ru
Sif Muna
Trog
Uskayaw
Vehumet
Wu Jian
Xom
Yredelemnul
Zin
The Shining One
Jiyva

Shops:
D:2 (   D:6 (   Orc:1 (??   Orc:2 [:(*

Annotations:
D:5 4 runed translucent doors
Lair:2 1 runed translucent door

#...##....#.... .....
#...###.#.+.... .....
#######..##....
.....####...............
....................##..
....................##..
......(.....##########..
......O)....# .......
......)8....# ..#..
......))....# #....#..
............#####....#..
.....................#..
.....................#..
#####...............#...
.......##.......#.#.
........##..)))..#.#.
#..).)..#.#.


You could see an ogre.


Message History

Unknown command.
Unknown command.
Your surroundings suddenly seem different.
An ogre mage, 4 two-headed ogres and an ogre come into view.
The ogre mage shouts!
The two-headed ogre shouts in stereo! x3
The ogre shouts! 😱 HP[+1] MP[+1] Unknown command.
You cannot drink potions in your current state!
Unknown command.
You are restored by drawing out deep reserves of power within.
You feel drained. The two-headed ogre closely misses you.
The two-headed ogre barely misses you. 😨 HP[+31] MP[+9]
You now have 149 max hp (-8).
You regained 31 hp, and now have 59/149 hp.
You regained 9 mp, and now have 15/31 mp.
You pummel the two-headed ogre!!
The ogre is stunned by your conviction and fails to attack.
Unknown command.
You pulverise the two-headed ogre!!!
You kill the two-headed ogre!
You redirect the ogre mage's attack!
The ogre mage points at the two-headed ogre and mumbles some strange words.
The bolt of magma hits the two-headed ogre!! x2 😨 HP[+1] MP[+1]
You now have 150 max hp (+1).
Unknown command.
You pummel the ogre mage like a punching bag!!!
The two-headed ogre hits you with a +0 giant club!
* * * LOW HITPOINT WARNING * * *
The two-headed ogre hits you with a +0 dire flail!
* * * LOW HITPOINT WARNING * * *
You focus your inner power and blind the two-headed ogre in retribution!
The two-headed ogre hits you but does no damage.
The two-headed ogre closely misses you. The ogre mage hits you with a +0 flail.
* * * LOW HITPOINT WARNING * * *
😨 HP[-18] MP[-4]
You take 18 damage, and now have 42/150 hp.
You lost 4 mp, and now have 12/31 mp.
Unknown command.
You hit the ogre mage. The two-headed ogre closely misses you.
The two-headed ogre hits you with a +0 giant spiked club.
* * * LOW HITPOINT WARNING * * *
The ogre mage begins to cast a spell, but is stunned by your conviction!
The two-headed ogre is stunned by your conviction and fails to attack. x2
Unknown command.
You pummel the ogre mage!!
You kill the ogre mage!
The ogre closely misses you. The two-headed ogre closely misses you.
The two-headed ogre hits you with a +0 giant spiked club.
* * * LOW HITPOINT WARNING * * *
The two-headed ogre hits you but does no damage.
The two-headed ogre misses you.
The two-headed ogre hits you but does no damage.
The two-headed ogre hits you with a +0 giant club!!
* * * LOW HITPOINT WARNING * * *
You focus your inner power and slow the two-headed ogre in retribution! 😱 HP[-18] MP[-6]
You now have 152 max hp (+2).
You take 18 damage, and now have 24/152 hp.
You lost 6 mp, and now have 6/31 mp.
Unknown command.
You pummel the two-headed ogre!! The ogre barely misses you.
The two-headed ogre misses you. The two-headed ogre closely misses you.
The two-headed ogre completely misses you. x2 😱 HP[+1] MP[+1] Unknown command.
You pummel the two-headed ogre!!
You kill the two-headed ogre!
The two-headed ogre barely misses you.
The two-headed ogre completely misses you.
The ogre hits you but does no damage.
Unknown command.
You squash the two-headed ogre like an ant!!!
The two-headed ogre closely misses you.
The two-headed ogre hits you with a +0 giant spiked club!!
* * * LOW HITPOINT WARNING * * *
The ogre closely misses you. The two-headed ogre closely misses you.
The two-headed ogre hits you with a +0 giant club!
* * * LOW HITPOINT WARNING * * *
😱 HP[-20] MP[-5]
You take 20 damage, and now have 5/152 hp.
You lost 5 mp, and now have 2/31 mp.
Unknown command.
You pummel the two-headed ogre!!
You kill the two-headed ogre!
The two-headed ogre closely misses you. x2 😱 HP[+1]
You now have 154 max hp (+2).
Unknown command.
You hit the two-headed ogre. The ogre misses you.
The two-headed ogre closely misses you.
The two-headed ogre barely misses you. 😱 MP[+1] Unknown command.
You pummel the two-headed ogre!!
You kill the two-headed ogre!
You feel less exhausted.
The ogre hits you with a +0 giant spiked club!
You die...

Skill      XL: |  1  2  3  4  5  6  7  8  9 10 11 12 13 14 15 |
---------------+----------------------------------------------+-----
Poison Magic   | 1 2 |  2.5
Transmutations | 3 4 5 7 8 10 11 12 13 14 15 | 15.3
Spellcasting   | 3 4 5 6 7 8 9 10 11 12 | 12.3
Unarmed Combat | 4 5 6 7 8 9 10 11 | 11.2
Ice Magic      | 1 3 5 |  5.0
Earth Magic    | 2 5 7 9 11 12 | 12.0
Dodging        | 2 3 5 6 7 |  7.0
Fighting       | 4 5 7 8 |  8.2
Air Magic      | 3 7 9 |  9.6

Action                     |  1- 3 |  4- 6 |  7- 9 | 10-12 | 13-15 || total
---------------------------+-------+-------+-------+-------+-------++-------
  Melee: Unarmed           |    84 |    96 |   296 |   547 |  1156 ||  2179
         Kick              |    13 |    12 |       |       |     6 ||    31
         Headbutt          |     6 |     3 |       |       |     5 ||    14
         Tailslap          |     4 |     5 |     1 |    76 |   243 ||   329
         Punch             |     1 |       |     1 |    29 |   100 ||   131
   Cast: Beastly Appendage |    17 |    10 |       |       |     2 ||    29
         Spider Form       |       |    12 |    10 |       |       ||    22
         Ice Form          |       |     1 |    27 |    29 |       ||    57
         Wereblood         |       |       |    11 |    22 |    37 ||    70
         Statue Form       |       |       |       |    35 |    93 ||   128
 Invoke: Sacrifice Stealth |       |       |     1 |       |       ||     1
         Sacrifice Artific |       |       |       |     1 |       ||     1
         Sacrifice Drink   |       |       |       |       |     1 ||     1
         Reject Sacrifices |       |       |       |       |     2 ||     2
         Draw Out Power    |       |       |       |       |     2 ||     2
Ability: Breathe Dispellin |       |       |     3 |       |       ||     3
         End Transformatio |       |       |     1 |     1 |       ||     2
    Use: Potion            |     1 |       |       |     3 |     2 ||     6
         Scroll            |     4 |     2 |    13 |     7 |    11 ||    37
   Stab: Distracted        |       |       |       |       |     3 ||     3
         Invisible         |       |       |       |       |     3 ||     3
         Paralysed         |       |       |       |       |     3 ||     3
 Armour: Skin              |    44 |    22 |    85 |   368 |  1067 ||  1586
  Dodge: Dodged            |    62 |    49 |   189 |   494 |  1188 ||  1982

Levels and vault maps discovered:
D:1:      roderic_chinese_lattice_arrival, layout_basic, minmay_pentomino_t4
D:2:      layout_basic, shapermc_ecumenical_altar_pompeii, serial_shops,
          nicolae_shop_tiny_real_fake_doors, uniq_sigmund
D:3:      layout_basic, uniq_jessica
D:4:      layout_rooms, minmay_pentangle
D:5:      layout_basic, mainiacjoe_overflow_alcove_1, general_overflow_altar,
          gammafunk_temple_overflow_claw, minmay_temple_entry_antechambers,
          minmay_hollow_rounded_squares
D:6:      layout_layer_cave, serial_shops, nicolae_shop_crystal,
          hangedman_decor_diamond_cutter, skrybe_limestone_x
D:7:      layout_gridville, lemuel_zombie_altar_yredelemnul, minivault_27
D:8:      layout_rooms, mainiacjoe_overflow_paths, minmay_misc_feat_ornament,
          minmay_misc_feat_doors
D:9:      layout_roguey, riverfiend_overflow_shadow_ancestor,
          nicolae_ashenzari_skybound, david_lair_shrubbed
D:10:     layout_roguey, grunt_temple_overflow_cloverleaf, uniq_lodul,
          uniq_psyche, uniq_harold, uniq_josephine
D:11:     minmay_coctagon, layout_gridville, gauntlet_entry_generic,
          minmay_crystal_water
D:12:     layout_basic, orc_0_dummy, uniq_nessos
D:13:     layout_basic, ximxim_vaults_locker_room, chequers_serial_rivers_room_b
D:14:     layout_loops_ring, minivault_11
D:15:     gammafunk_depths_entry_grave, layout_basic, fountainhead,
          fedhas_altar_3, uniq_rupert
Temple:   hellmonk_temple_rainy
Lair:1:   layout_layer_cave, hellmonk_ghost_happy_afterlife,
          lemuel_fruit_fields, infiniplex_staircase_pool_2
Lair:2:   gammafunk_indiana_jones, layout_cellular_growth, grunt_megastairs_1,
          uniq_maggie
Lair:3:   layout_regular_city, minmay_shoals_entry_lonely_mermaid,
          spider_nest_entry_funnel_web, lemuel_fruit_fields, grunt_megastairs_5,
          serial_bayou_shore_b
Lair:4:   layout_gridlike, grunt_megastairs_3
Lair:5:   wormcave, layout_hall_layers, hangedman_lair_caniforms_friends,
          slime_entry_1
Orc:1:    layout_diamond_mine, basic_altar, serial_shops, shop,
          nicolae_shop_rolled_up, shop, abandoned_shop, minmay_orc_treasury
Orc:2:    grunt_orc_cross, layout_caves

Notes
Turn   | Place    | Note
-------+----------+-------------------------------------------
     0 | D:1      | kae the Draconian Transmuter began the quest for the Orb.
     0 | D:1      | Reached XP level 1. HP: 16/16 MP: 3/3
     0 | D:1      | magus.rc [v1.11.3]
    34 | D:1      | You pick up a book of Misfortune and begin reading...
    34 | D:1      | You add the spells Inner Flame, Yara's Violent Unravelling
                  | and Enfeeble to your library.
    61 | D:1      | Reached XP level 2. HP: 16/23 MP: 3/5
   120 | D:1      | Reached skill level 1 in Poison Magic
   330 | D:1      | Reached XP level 3. HP: 12/28 MP: 6/6
   460 | D:1      | Learned a level 2 spell: Wereblood
   464 | D:1      | Learned a level 3 spell: Spider Form
   906 | D:2      | You pick up a book of Spatial Translocations and begin
                  | reading...
   906 | D:2      | You add the spells Blink, Momentum Strike and Lesser
                  | Beckoning to your library.
  1069 | D:2      | Reached XP level 4. HP: 27/35 MP: 5/7
  1272 | D:2      | Reached skill level 2 in Poison Magic
  1281 | D:2      | Noticed Sigmund
  1460 | D:2      | Reached skill level 3 in Transmutations
  1655 | D:2      | Found a faded altar of an unknown god.
  1813 | D:2      | Found Nyt Buzoat's Weapon Emporium.
  1996 | D:2      | Killed Sigmund
  1997 | D:2      | Reached skill level 3 in Spellcasting
  1997 | D:2      | Reached XP level 5. HP: 20/40 MP: 5/10
  2073 | D:3      | Learned a level 4 spell: Ice Form
  2270 | D:3      | Reached XP level 6. HP: 47/47 MP: 11/11
  2382 | D:3      | Reached skill level 4 in Transmutations
  2489 | D:3      | Noticed Jessica
  2494 | D:3      | Killed Jessica
  2549 | D:3      | Reached skill level 4 in Unarmed Combat
  2797 | D:4      | Noticed a steam dragon
  2809 | D:4      | Killed a steam dragon
  2810 | D:4      | Reached skill level 1 in Ice Magic
  2922 | D:4      | You pick up a book of Blood and begin reading...
  2922 | D:4      | You add the spells Sublimation of Blood and Summon Hydra to
                  | your library.
  3180 | D:4      | Your scales start taking on a rich purple colour.
  3180 | D:4      | Reached skill level 4 in Spellcasting
  3180 | D:4      | Reached XP level 7. HP: 51/52 MP: 2/13
  3257 | D:4      | Reached skill level 2 in Ice Magic
  3455 | D:4      | Reached skill level 5 in Transmutations
  3629 | D:5      | Entered Level 5 of the Dungeon
  3744 | D:5      | Reached skill level 5 in Spellcasting
  3744 | D:5      | Reached skill level 3 in Ice Magic
  3874 | D:5      | Found a shimmering blue altar of Sif Muna.
  4019 | D:5      | Found a white marble altar of Elyvilon.
  4066 | D:5      | Reached XP level 8. HP: 59/59 MP: 11/15
  4093 | D:5      | Found a large runed translucent door.
  4093 | D:5      | Found a large runed translucent door.
  4127 | D:5      | Reached skill level 5 in Unarmed Combat
  4223 | D:5      | Found a bloodstained altar of Trog.
  4223 | D:5      | Found a glowing golden altar of the Shining One.
  4224 | D:5      | Found a blossoming altar of Fedhas.
  4242 | D:5      | Found a staircase to the Ecumenical Temple.
  4252 | Temple   | Entered the Ecumenical Temple
  4266 | Temple   | Became a worshipper of Ru the Awakened
  4402 | D:5      | Reached skill level 6 in Transmutations
  4402 | D:5      | Reached skill level 4 in Ice Magic
  4431 | D:5      | Found a large runed translucent door.
  4431 | D:5      | Found a large runed translucent door.
  4642 | D:5      | HP: 17/70 [vampire mosquito (4)]
  4648 | D:5      | HP: 13/70 [vampire mosquito (3)]
  4840 | D:5      | You pick up a book of Sloth and begin reading...
  4840 | D:5      | You add the spells Petrify, Metabolic Englaciation and
                  | Statue Form to your library.
  4955 | D:5      | Learned a level 6 spell: Statue Form
  5061 | D:6      | Reached skill level 5 in Ice Magic
  5061 | D:6      | Reached skill level 1 in Earth Magic
  5407 | D:6      | Reached skill level 6 in Spellcasting
  5407 | D:6      | Reached skill level 2 in Earth Magic
  5418 | D:6      | Reached skill level 7 in Transmutations
  5418 | D:6      | Reached XP level 9. HP: 64/64 MP: 15/18
  5619 | D:6      | You add the spells Cigotuvi's Dreadful Rot, Ignite Poison
                  | and Freezing Cloud to your library.
  5899 | D:6      | Reached skill level 3 in Earth Magic
  5916 | D:6      | Found Xawoon's Weapon Boutique.
  6286 | D:6      | Gained mutation: You cannot be stealthy. [Ru sacrifice]
  6996 | D:7      | Reached skill level 6 in Unarmed Combat
  7233 | D:7      | Reached skill level 4 in Earth Magic
  7291 | D:7      | HP: 18/76 [orc warrior/+4 war axe (12)]
  7293 | D:7      | Reached skill level 8 in Transmutations
  8013 | D:7      | Found a basalt altar of Yredelemnul.
  8160 | D:7      | Reached skill level 7 in Spellcasting
  8181 | D:7      | Reached skill level 5 in Earth Magic
  8387 | D:8      | Reached XP level 10. HP: 40/71 MP: 14/20
  9006 | D:8      | Reached skill level 9 in Transmutations
  9095 | D:8      | Found a stormy altar of Qazlal.
  9110 | D:8      | Reached skill level 6 in Earth Magic
  9121 | D:8      | Reached skill level 7 in Unarmed Combat
  9802 | D:9      | Found a broken altar of Ashenzari.
 10211 | D:9      | Gained mutation: You cannot study or use magical devices.
                  | [Ru sacrifice]
 10211 | D:9      | Reached * piety under Ru
 10211 | D:9      | Reached ** piety under Ru
 10211 | D:9      | Reached *** piety under Ru
 10216 | D:9      | Noticed a rust devil
 10221 | D:9      | Noticed an orange demon
 10221 | D:9      | Noticed a sun demon
 10225 | D:9      | HP: 6/92 [sun demon[a kobold demonologist] (19)]
 10439 | D:9      | Reached skill level 8 in Spellcasting
 10439 | D:9      | Reached skill level 7 in Earth Magic
 10567 | D:9      | Found a staircase to the Lair.
 10784 | D:9      | Reached skill level 10 in Transmutations
 10941 | D:9      | Found a shadowy altar of Dithmenos.
 10942 | D:9      | Found a hazy altar of Hepliaklqana.
 10983 | D:9      | HP: 20/85 [gnoll/+1 vampiric halberd[a gnoll sergeant]
                  | (10)]
 10988 | D:9      | HP: 20/85 [poisoned by a gnoll sergeant]
 11196 | D:9      | You pick up a book of the Sky and begin reading...
 11196 | D:9      | You add the spells Summon Lightning Spire, Storm Form and
                  | Maxwell's Capacitive Coupling to your library.
 11375 | D:10     | Entered Level 10 of the Dungeon
 11438 | D:10     | Reached XP level 11. HP: 75/77 MP: 18/23
 12010 | D:10     | Reached skill level 8 in Earth Magic
 12169 | D:10     | Noticed Lodul
 12177 | D:10     | Killed Lodul
 12178 | D:10     | Reached skill level 8 in Unarmed Combat
 12326 | D:10     | Found a sparkling altar of Nemelex Xobeh.
 12329 | D:10     | Found a glowing silver altar of Zin.
 12362 | D:10     | Found an ancient bone altar of Kikubaaqudgha.
 12365 | D:10     | Found a shimmering altar of Xom.
 12415 | D:10     | Noticed a two-headed ogre
 12422 | D:10     | Killed a two-headed ogre
 12464 | D:10     | Noticed Harold
 12464 | D:10     | Noticed a two-headed ogre
 12469 | D:10     | Killed a two-headed ogre
 12481 | D:10     | Killed Harold
 12754 | D:10     | HP: 24/100 [gargoyle/+0 flail (8)]
 12755 | D:10     | Gained mutation: You are vulnerable to heat. (rF-)
                  | [mutagenic glow]
 12762 | D:10     | Reached skill level 9 in Spellcasting
 12762 | D:10     | Reached skill level 11 in Transmutations
 12768 | D:10     | Gained mutation: You occasionally lose the ability to drink
                  | potions when taking damage. [mutagenic glow]
 12941 | D:10     | Lost mutation: You occasionally lose the ability to drink
                  | potions when taking damage. [potion of mutation]
 12941 | D:10     | Lost mutation: You are vulnerable to heat. (rF-) [potion of
                  | mutation]
 12941 | D:10     | Gained mutation: You are clumsy. (Dex -2) [potion of
                  | mutation]
 12941 | D:10     | Gained mutation: You are somewhat resistant to further
                  | mutation. [potion of mutation]
 12993 | D:10     | Noticed Josephine
 13001 | D:10     | Killed Josephine
 13002 | D:10     | Reached skill level 9 in Earth Magic
 13011 | D:10     | Noticed Psyche
 13011 | D:10     | Noticed a two-headed ogre
 13020 | D:10     | Killed a two-headed ogre
 13023 | D:10     | Killed Psyche
 13238 | Lair:1   | Entered Level 1 of the Lair of Beasts
 13260 | Lair:1   | Reached skill level 2 in Dodging
 13346 | Lair:1   | Reached XP level 12. HP: 84/84 MP: 19/25
 13690 | Lair:1   | Noticed sastreii's ghost (journeyman GnRe)
 13707 | Lair:1   | Found a runed translucent door.
 13898 | Lair:1   | Reached skill level 2 in Fighting
 14091 | Lair:1   | You pick up a book of the Moon and begin reading...
 14091 | Lair:1   | You add the spells Passage of Golubria, Silence and
                  | Lehudib's Crystal Spear to your library.
 14636 | Lair:1   | Killed sastreii's ghost
 14756 | Lair:2   | Reached skill level 10 in Earth Magic
 14973 | Lair:2   | Reached skill level 9 in Unarmed Combat
 14977 | Lair:2   | Reached skill level 3 in Fighting
 14977 | Lair:2   | Reached skill level 12 in Transmutations
 15158 | Lair:2   | Found a runed translucent door.
 15223 | Lair:2   | Noticed Maggie
 15231 | Lair:2   | Killed Maggie
 15232 | Lair:2   | Reached skill level 3 in Dodging
 15862 | Lair:3   | Learned a level 7 spell: Storm Form
 15877 | Lair:3   | Noticed a six-headed hydra
 15884 | Lair:3   | Killed a six-headed hydra
 15885 | Lair:3   | Reached skill level 10 in Spellcasting
 15990 | Lair:3   | Noticed a seven-headed hydra
 15996 | Lair:3   | Killed a seven-headed hydra
 16175 | Lair:3   | Reached skill level 4 in Fighting
 16289 | Lair:3   | Found a hole to the Spider Nest.
 16401 | Lair:3   | Found a staircase to the Shoals.
 17109 | Lair:4   | Noticed a seven-headed hydra
 17116 | Lair:4   | Killed a seven-headed hydra
 17117 | Lair:4   | Reached skill level 11 in Earth Magic
 17117 | Lair:4   | Reached XP level 13. HP: 89/97 MP: 21/27
 17126 | Lair:4   | Reached skill level 4 in Dodging
 17967 | Lair:5   | Entered Level 5 of the Lair of Beasts
 18088 | Lair:5   | You pick up a book of the Wilderness and begin reading...
 18088 | Lair:5   | You add the spells Summon Forest, Summon Mana Viper and
                  | Summon Cactus Giant to your library.
 18120 | Lair:5   | Reached skill level 13 in Transmutations
 18140 | Lair:5   | Reached skill level 5 in Fighting
 18259 | Lair:5   | Reached skill level 1 in Air Magic
 18264 | Lair:5   | HP: 25/130 [yak (9)]
 18494 | Lair:5   | Gained mutation: You occasionally lose the ability to drink
                  | potions when taking damage. [Ru sacrifice]
 18494 | Lair:5   | Gained mutation: You sometimes lose the ability to drink
                  | potions when taking damage. [Ru sacrifice]
 18494 | Lair:5   | Reached **** piety under Ru
 18524 | Lair:5   | Found a viscous altar of Jiyva.
 18524 | Lair:5   | Found a staircase to the Slime Pits.
 18722 | Lair:5   | Reached skill level 2 in Air Magic
 19078 | Lair:5   | Reached skill level 5 in Dodging
 19078 | Lair:5   | Reached skill level 10 in Unarmed Combat
 19249 | Lair:5   | Reached skill level 3 in Air Magic
 19390 | Lair:5   | Reached skill level 12 in Earth Magic
 19600 | Lair:5   | Reached skill level 11 in Spellcasting
 19706 | Lair:5   | Identified the +0 ring mail of the Untouchables {Will+
                  | Int+4}
 19738 | Lair:5   | Found a runed translucent door.
 19808 | Lair:5   | Reached XP level 14. HP: 83/108 MP: 26/29
 20071 | Lair:5   | HP: 35/140 [hornet (6)]
 20072 | Lair:5   | Reached skill level 6 in Fighting
 20617 | Lair:5   | Reached skill level 4 in Air Magic
 20904 | D:11     | Found a gate leading to a gauntlet.
 20913 | Gauntlet | Entered a Gauntlet
 20913 | Gauntlet | Found a transporter.
 20916 | Gauntlet | Found a transporter.
 20917 | Gauntlet | Found a transporter.
 20921 | Gauntlet | Found a transporter.
 20930 | Gauntlet | Found a transporter.
 20930 | Gauntlet | Found a transporter.
 20932 | Gauntlet | Found a transporter.
 20932 | Gauntlet | Found a transporter.
 20951 | Gauntlet | Found a transporter.
 20971 | Gauntlet | Found a transporter.
 20975 | Gauntlet | Found a transporter.
 20980 | Gauntlet | Noticed a cacodemon
 20983 | Gauntlet | Found a transporter.
 21215 | Gauntlet | Identified the amulet "Hedellu" {Spirit rC+}
 21328 | Gauntlet | You pick up a book of the Warp and begin reading...
 21328 | Gauntlet | You add the spells Manifold Assault, Dispersal and
                  | Disjunction to your library.
 21528 | D:11     | Reached skill level 14 in Transmutations
 21719 | D:11     | You pick up a book of Rime and begin reading...
 21719 | D:11     | You add the spells Frozen Ramparts and Summon Ice Beast to
                  | your library.
 21724 | D:11     | You pick up a book of Ice and begin reading...
 21724 | D:11     | You add the spells Simulacrum, Ozocubu's Refrigeration and
                  | Polar Vortex to your library.
 21830 | D:11     | Reached skill level 5 in Air Magic
 22791 | D:12     | Noticed Nessos
 22809 | D:12     | Killed Nessos
 23039 | D:12     | Found a staircase to the Orcish Mines.
 23091 | D:12     | Reached skill level 6 in Dodging
 23390 | Orc:1    | Entered Level 1 of the Orcish Mines
 23465 | Orc:1    | Found Zoheghid's Magic Scroll Shoppe.
 23476 | Orc:1    | Bought a scroll of identify for 28 gold pieces
 23721 | Orc:1    | Reached skill level 6 in Air Magic
 23895 | Orc:1    | Reached skill level 7 in Fighting
 23897 | Orc:1    | Noticed an orc warlord
 23905 | Orc:1    | Noticed an orc warlord
 23910 | Orc:1    | Killed an orc warlord
 23910 | Orc:1    | HP: 30/146 [orc warrior/+0 trident (7)]
 23911 | Orc:1    | HP: 9/146 [orc priest/divine providence[an orc knight]
                  | (10)]
 23915 | Orc:2    | Entered Level 2 of the Orcish Mines
 24320 | Orc:2    | HP: 20/146 [orc warlord/+0 dire flail (20)]
 24322 | Orc:2    | HP: 9/146 [cyclops (6)]
 24332 | Orc:2    | Killed an orc warlord
 25046 | Orc:1    | Found Jiyt's Magic Scroll Emporium.
 25049 | Orc:1    | Bought a scroll of magic mapping for 112 gold pieces
 25223 | Orc:1    | Identified the ring "Qeyta" {AC+4 Int+6 Dex-4}
 25290 | Orc:1    | Found Qaagh's Antique Weapon Emporium.
 25441 | Orc:2    | Noticed Blork the orc
 25705 | Orc:2    | Killed Blork the orc
 25741 | Orc:2    | Reached skill level 7 in Air Magic
 25750 | Orc:2    | HP: 12/113 [orc warrior/+0 halberd (19)]
 26042 | Orc:2    | Reached XP level 15. HP: 92/118 MP: 12/30
 26665 | Orc:2    | Found Tuceisao's Book Boutique.
 26708 | Orc:2    | Found Kesh's Antique Armour Boutique.
 26725 | Orc:2    | Found Qaocyogg's Antique Weapon Boutique.
 26741 | Orc:2    | Found Ryeck's General Store.
 27034 | Orc:2    | Found a staircase to the Elven Halls.
 27772 | D:13     | Reached skill level 11 in Unarmed Combat
 28178 | D:13     | Reached skill level 12 in Spellcasting
 28189 | D:13     | Reached skill level 8 in Air Magic
 28224 | D:13     | Found a gate to the Vaults.
 28348 | D:14     | Reached skill level 15 in Transmutations
 29199 | D:14     | Identified +0 gold dragon scales
 29256 | D:14     | Reached skill level 8 in Fighting
 29265 | D:14     | Reached skill level 9 in Air Magic
 29523 | D:15     | Entered Level 15 of the Dungeon
 29548 | D:15     | Reached skill level 7 in Dodging
 29801 | D:15     | HP: 36/157 [meliai/divine providence (10)]
 29810 | D:15     | HP: 24/150 [two-headed ogre/+0 giant club (16)]
 29813 | D:15     | HP: 11/152 [two-headed ogre/+0 giant club (15)]
 29813 | D:15     | HP: 5/152 [two-headed ogre/+0 giant club (6)]
 29816 | D:15     | Mangled by an ogre

Vanquished Creatures
  3 orc warlords
  Nessos (D:12)
  A minotaur (Gauntlet)
  Josephine (D:10)
  A vault guard (D:13)
  The ghost of sastreii the Carver, a journeyman GnRe of Cheibriados (Lair:1)
  An ice dragon (Lair:5)
  Harold (D:10)
  5 hydras
  A centaur warrior (D:13)
  An ogre mage (D:15)
  9 two-headed ogres
  2 boulder beetles
  An alligator (Lair:5)
  2 death yaks (Lair:5)
  A death knight (D:14)
  2 orc high priests (Orc:1)
  2 tengu warriors (D:14)
  3 skeletal warriors (D:14)
  Lodul (D:10)
  A death drake (Gauntlet)
  2 lindwurms (Lair:5)
  2 phantasmal warriors (D:14)
  2 wizards (Gauntlet)
  6 orc sorcerers
  9 orc knights
  A shadow dragon skeleton (D:15)
  3 cyclopes
  6 ugly things
  A merfolk siren (Lair:3)
  A spectral centaur (Gauntlet)
  3 black mambas
  10 elephants
  7 torpor snails (Lair:5)
  4 cane toads
  4 gargoyles
  A cane toad (shapeshifter) (D:14)
  Maggie (Lair:2)
  3 rime drakes
  7 kobold demonologists
  A freezing wraith (D:14)
  3 yaktaurs (D:15)
  Psyche (D:10)
  7 komodo dragons
  An efreet (D:14)
  A tengu conjurer (D:14)
  7 trolls
  12 polar bears
  A meliai (shapeshifter) (D:14)
  8 hornets
  5 blink frogs (Lair:5)
  A spectral meliai (Gauntlet)
  2 tyrant leeches (Lair:5)
  2 raiju (Lair:5)
  2 jumping spiders (Lair:3)
  A culicivora (Lair:3)
  2 vampires
  Sigmund (D:2)
  2 centaur simulacra (D:11)
  2 wyverns
  9 humans (D:13)
  6 wraiths (D:10)
  A yak (shapeshifter) (D:13)
  5 basilisks
  39 yaks
  11 vampire mosquitoes
  7 steam dragons
  15 wargs
  9 water moccasins
  2 acid dragons
  28 orc warriors
  14 hell hounds (Lair:5)
  A spectral hornet (Gauntlet)
  2 sky beasts (D:7)
  16 black bears
  3 ice beasts
  11 ogres
  8 centaurs
  31 wolves
  2 phantoms
  5 kobold brigands
  3 gnoll sergeants
  12 bullfrogs
  Blork the orc (Orc:2)
  A scorpion (D:6)
  A water moccasin zombie (D:7)
  28 wights
  9 killer bees (D:8)
  An electric eel (D:15)
  5 howler monkeys
  A centaur zombie (D:7)
  5 hounds
  4 jellies
  25 orc priests
  2 sleepcaps
  Jessica (D:3)
  2 iguanas
  24 orc wizards
  4 hell rats (Lair:1)
  A boggart simulacrum (D:11)
  15 gnolls
  13 adders
  2 shadow imps (Gauntlet)
  A white imp (Gauntlet)
  61 orcs
  4 bats (D:1)
  7 endoplasms
  2 giant cockroaches
  5 goblins
  9 hobgoblins
  A jackal (D:5)
  5 quokkas
  7 ball pythons
  4 frilled lizards
  16 kobolds
  8 rats
  A butterfly (Lair:3)
692 creatures vanquished.

Vanquished Creatures (collateral kills)
  A cyclops (Orc:2)
  An orc warrior (Orc:2)
  An ogre (Orc:2)
  An orc (Orc:2)
4 creatures vanquished.

Vanquished Creatures (others)
  A vault guard (D:13)
  A human (D:13)
  A vampire (D:11)
  A wyvern (Lair:2)
  A hell hound (Lair:5)
  3 orc warriors (Orc:2)
  An orc wizard (Orc:1)
  A white imp (D:6)
  An orc (D:15)
  A kobold (D:11)
  A bush (Lair:5)
  9 fungi
  57 plants
  14 withered plants (Gauntlet)
93 creatures vanquished.

Grand Total: 789 creatures vanquished

Table legend:
 A = Non-vault XP
 B = Vault XP
 C = Vault XP percentage of total XP
 D = Non-vault monster count
 E = Vault monster count
 F = Vault count percentage of total count
                 A         B        C        D         E       F
            +---------+---------+-------+---------+---------+-------
      Total |   77738 |   53483 |  40.8 |     476 |     224 |  32.0
            +---------+---------+-------+---------+---------+-------
        D:1 |      69 |       5 |   6.8 |      34 |       3 |   8.1
        D:2 |      80 |     214 |  72.8 |      12 |       1 |   7.7
        D:3 |      33 |      37 |  52.9 |      11 |       1 |   8.3
        D:4 |     355 |     206 |  36.7 |      15 |       5 |  25.0
        D:5 |     663 |     577 |  46.5 |      16 |       8 |  33.3
        D:6 |    1223 |       0 |   0.0 |      22 |       0 |   0.0
        D:7 |    1818 |     123 |   6.3 |      25 |       2 |   7.4
        D:8 |    2614 |       0 |   0.0 |      32 |       0 |   0.0
        D:9 |    2484 |     350 |  12.4 |      29 |       1 |   3.3
       D:10 |    5410 |    4092 |  43.1 |      22 |      11 |  33.3
       D:11 |    4871 |    1372 |  22.0 |      26 |       6 |  18.8
       D:12 |    6851 |    1037 |  13.1 |      34 |       1 |   2.9
       D:13 |    2062 |    3300 |  61.5 |       8 |      11 |  57.9
       D:14 |   12411 |       0 |   0.0 |      22 |       0 |   0.0
       D:15 |    6177 |     566 |   8.4 |      21 |       1 |   4.5
     Lair:1 |    3831 |     860 |  18.3 |      28 |       1 |   3.4
     Lair:2 |    4488 |    1142 |  20.3 |      18 |       7 |  28.0
     Lair:3 |    5758 |    1406 |  19.6 |      20 |       5 |  20.0
     Lair:4 |    4013 |     478 |  10.6 |       8 |       2 |  20.0
     Lair:5 |    9287 |   16582 |  64.1 |      28 |      72 |  72.0
      Orc:1 |    1567 |    9155 |  85.4 |      23 |      32 |  58.2
      Orc:2 |    1673 |    8016 |  82.7 |      22 |      44 |  66.7
   Gauntlet |       0 |    3965 | 100.0 |       0 |      10 | 100.0
            +---------+---------+-------+---------+---------+-------

Illustrated notes

Table legend:
 A = Kills in this place as a percentage of kills in the entire game.
 B = Kills by you in this place as a percentage of kills by you in the entire game.
 C = Kills by friends in this place as a percentage of kills by friends in the entire game.
 D = Other kills in this place as a percentage of other kills in the entire game.
 E = Experience gained in this place as a percentage of experience gained in the entire game.
 F = Experience gained in this place divided by the number of levels of this place that you have seen.
                   A       B       C       D       E      F
               +-------+-------+-------+-------+-------+----------------------
         Total | 100.0 | 100.0 | 100.0 | 100.0 | 100.0 | 5467.5
       Dungeon |  54.3 |  54.8 |   0.0 |  33.3 |  45.0 | 3933.3
          Lair |  27.0 |  27.1 |   0.0 |  33.3 |  36.5 | 9569.0
  Orcish Mines |  17.3 |  16.7 | 100.0 |  33.3 |  15.6 | 10205.5
      Gauntlet |   1.4 |   1.4 |   0.0 |   0.0 |   3.0 | 3965.0
               +-------+-------+-------+-------+-------+----------------------

Table legend: (Time is in decaauts)
 A = Elapsed time spent in this place.
 B = Non-inter-level travel time spent in this place.
 C = Inter-level travel time spent in this place.
 D = Time resting spent in this place.
 E = Time spent auto-exploring this place.
 F = Levels seen in this place.
 G = Mean time per level.
                   A        B        C        D        E       F      G
               +--------+--------+--------+--------+--------+-----+--------+
         Total |  32349 |  31454 |    895 |   2090 |  24072 |  24 | 1347.9 |
       Dungeon |  18702 |  18123 |    579 |    784 |  14458 |  15 | 1246.8 |
        Temple |     26 |     15 |     11 |      0 |      9 |   1 |   26.0 |
          Lair |   8619 |   8403 |    216 |    105 |   6965 |   5 | 1723.8 |
  Orcish Mines |   4456 |   4368 |     88 |   1201 |   2301 |   2 | 2228.0 |
      Gauntlet |    543 |    543 |      0 |      0 |    338 |   1 |  543.0 |
               +--------+--------+--------+--------+--------+-----+--------+

Top non-repeatable levels by time:
  Lair:5: 3200 daAuts
   Orc:2: 2497 daAuts
    D:10: 2023 daAuts
   Orc:1: 1959 daAuts
     D:7: 1858 daAuts
     D:6: 1718 daAuts
  Lair:1: 1610 daAuts
     D:9: 1581 daAuts
     D:5: 1547 daAuts
  Lair:3: 1480 daAuts
    D:14: 1468 daAuts
    D:12: 1363 daAuts
  Lair:2: 1355 daAuts
     D:2: 1196 daAuts
    D:11: 1075 daAuts
